 Dungeon Sprint DCSS version 0.23.2-44-ge536e68a2c (webtiles) character file.

Game seed: 11610622243641986682

23001 MordorOrchid the Slayer (level 12, -11/123 HPs)
             Began as a Minotaur Gladiator on Mar 5, 2020.
             Was the Champion of Ru.
             Mangled by Donald
             ... wielding a +1 scimitar of slicing
              (22 damage)
             ... in the Dungeon (Sprint IX: "|||||||||||||||||||||||||||||") on Mar 6, 2020.
             The game lasted 00:21:41 (2495 turns).

MordorOrchid the Slayer (Minotaur Gladiator)        Turns: 2495, Time: 00:21:42

Health: -11/123    AC: 22    Str: 23    XL:     12   Next: 68%
Magic:  15/15      EV: 10    Int:  7    God:    Ru [******]
Gold:   40         SH:  0    Dex: 19    Spells: 11/11 levels left

rFire    + . .     SeeInvis .   p - +2 halberd (protect)
rCold    . . .     Gourm    .   (shield currently unavailable)
rNeg     . . .     Faith    .   N - +3 chain mail {MR+}
rPois    .         Spirit   .   c - +0 hat
rElec    .         Reflect  .   P - +1 cloak
rCorr    .         Harm     .   O - +1 pair of gloves
MR       +....     NoTele   +   (no boots)
Stlth    ..........             (no amulet)
HPRegen  0.30/turn              w - +3 ring of strength
MPRegen  0.14/turn              x - ring of protection from fire

@: agile, exhausted, held, lightly drained
A: retaliatory headbutt, horns 2, frail 1, no stealth, hated by all, inability
to train dodging, no conjurations magic, no ice magic, no transmutations magic,
missing an eye
a: Draw Out Power, Power Leap, Apocalypse, Renounce Religion


You were in the Dungeon.
You worshipped Ru.
Ru was exalted by your worship.
You were hungry.

You visited 1 branch You collected 1913 gold pieces.
You spent 1873 gold pieces at shops.

Inventory:

Hand Weapons
 a - a +2 scimitar of flaming
 p - a +2 halberd of protection (weapon)
 r - a +1 trident of distortion
 s - a +0 trident
 y - a +2 rapier of electrocution
Armour
 b - +1 fire dragon scales
 c - a +0 hat (worn)
 M - +0 swamp dragon scales
 N - a +3 chain mail of magic resistance (worn)
 O - a +1 pair of gloves (worn)
 P - a +1 cloak (worn)
Magical Staves
 q - an uncursed staff of energy
Jewellery
 w - a +3 ring of strength (left hand)
 x - a ring of protection from fire (right hand)
 J - a +6 ring of evasion
 K - an uncursed ring of ice
 L - an uncursed ring of poison resistance
Wands
 o - a wand of iceblast (3)
Scrolls
 k - 3 scrolls of blinking
 m - 7 scrolls of remove curse
 n - 2 scrolls of amnesia
 z - 2 scrolls of fear
 A - 10 scrolls of enchant armour
 B - 3 scrolls of immolation
 D - 3 scrolls of identify
Potions
 e - 11 potions of curing
 g - 9 potions of heal wounds
 h - 4 potions of haste
 i - 4 potions of magic
 j - a potion of might
 l - a potion of agility
 E - 2 potions of berserk rage
 F - a potion of mutation
 G - a potion of ambrosia
 H - a potion of lignification
 I - a potion of cancellation
Comestibles
 f - 20 rations
 t - 15 chunks of flesh


   Skills:
 * Level 22.1(21.6) Fighting
 + Level 22.0(21.5) Polearms
 - Level 2.0(1.6) Throwing
 * Level 17.5(17.1) Armour
 - Level 5.5(5.1) Evocations


You had 11 spell levels left.
You didn't know any spells.
Your spell library was empty.

Dungeon Overview and Level Annotations

Branches:
Dungeon (1/1)

Altars:
Cheibriados
Dithmenos
Elyvilon
Fedhas
Gozag
Hepliaklqana
Kikubaaqudgha
Makhleb
Nemelex Xobeh
Okawaru
Qazlal
Ru
Sif Muna
Trog
Uskayaw
Vehumet
Wu Jian
Xom
Yredelemnul
Zin
The Shining One
Beogh
Jiyva
Lugonu

Shops:
D !?!%

Annotations:
D Donald


Innate Abilities, Weirdness & Mutations

You reflexively headbutt those who attack you in melee.
You have a pair of horns on your head.
You are frail. (-10% HP)
You cannot be stealthy.
You are hated by all.
You cannot train Dodging skill.
You cannot study or cast Conjurations magic.
You cannot study or cast Ice magic.
You cannot study or cast Transmutations magic.
You are missing an eye, making it more difficult to aim.


Message History

You are restored by drawing out deep reserves of power within.
You feel drained.
Donald says, "I hate existential doubt."
Donald closely misses you.
Throwing (i - inventory)
d - a throwing net (quivered)
Press: ? - help, Shift-Dir - straight line, f/p - Donald
Aim: Donald, wielding a +1 scimitar of slicing, wearing a +0 chain mail and wearing a +0 shield of reflection (heavily wounded, fast, unusually strong)
You throw a throwing net.
Donald reflects the throwing net off his +0 shield of reflection!
The throwing net hits you.
You become entangled in the net!
Donald hits you with a +1 scimitar of slicing!
* * * LOW HITPOINT WARNING * * *
x2 You struggle against the net.
Donald hits you with a +1 scimitar of slicing!
* * * LOW HITPOINT WARNING * * *
x2 Unknown command.
You tear a large gash into the net.
Donald hits you but does no damage.
You struggle against the net.
Donald closely misses you.
Donald hits you with a +1 scimitar of slicing!!
You die...

▓▓▓▓▓▓▓▓▓▓▓▓▓▓▓▓▓
▓(..▓...▓...▓...▓
▓.▓.▓.▓.▓.▓.▓.▓.▓
▓.▓.▓.▓.▓.▓.▓.▓'▓
▓.▓.▓.▓.▓.▓.▓.▓.▓
▓@▓.▓.▓.▓.▓'▓.▓.▓
▓@▓.▓.▓.▓.▓.▓.▓.▓
▓.▓.▓.▓.▓.▓.▓.▓.▓
▓.▓.▓.▓.▓.▓[▓.▓.▓
▓.▓.▓.▓.▓.▓[▓.▓[▓
▓.▓'▓.▓'▓.▓[▓.▓'▓
▓.▓.▓.▓.▓.▓[▓.▓.▓
▓.▓.▓.▓.▓.▓.▓.▓.▓
▓.▓.▓.▓.▓.▓.▓.▓.▓


You could see Donald.

Vanquished Creatures
  A dire elephant (D)
  2 fire dragons (D)
  An ice dragon (D)
  A hydra (D)
  3 centaur warriors (D)
  A deep troll shaman (D)
  9 orc high priests (D)
  6 orc knights (D)
  A deep elf mage (D)
  An orc sorcerer (D)
  8 elephants (D)
  3 spiny frogs (D)
  A yaktaur (D)
  A meliai (D)
  A tengu conjurer (D)
  A hippogriff (D)
  A slime creature (D)
  2 blink frogs (D)
  A wraith (D)
  A wyvern (D)
  2 basilisks (D)
  3 water moccasins (D)
  A porcupine (D)
  11 orc warriors (D)
  A phantom (D)
  A sky beast (D)
  An ogre (D)
  2 centaurs (D)
  2 crocodiles (D)
  4 bullfrogs (D)
  2 crimson imps (D)
  4 orc priests (D)
  4 orc wizards (D)
  An iguana (D)
  A shadow imp (D)
  An adder zombie (D)
  5 orcs (D)
  A bat zombie (D)
  A giant cockroach (D)
  A bat (D)
  A frilled lizard (D)
  2 kobolds (D)
98 creatures vanquished.

Vanquished Creatures (others)
  A gargoyle (D)
  A bat skeleton (D)
  A jackal skeleton (D)
3 creatures vanquished.

Grand Total: 101 creatures vanquished

Notes
Turn   | Place    | Note
-------+----------+-------------------------------------------
     0 | D        | MordorOrchid the Minotaur Gladiator began the quest for the
                  | Orb.
     0 | D        | Reached XP level 1. HP: 18/18 MP: 0/0
    12 | D        | Reached skill level 5 in Polearms
    19 | D        | Noticed a sky beast
    19 | D        | Noticed an orc wizard
    19 | D        | Noticed an iguana
    19 | D        | Noticed a crimson imp
    23 | D        | Killed a crimson imp
    23 | D        | Reached XP level 2. HP: 23/26 MP: 1/1
    23 | D        | Reached XP level 3. HP: 28/31 MP: 2/2
    39 | D        | Reached skill level 5 in Armour
    39 | D        | Reached XP level 4. HP: 19/38 MP: 3/3
    46 | D        | Killed a sky beast
    46 | D        | Reached XP level 5. HP: 34/45 MP: 4/4
    56 | D        | Found a roughly hewn altar of Beogh.
    56 | D        | Found a snail-covered altar of Cheibriados.
    56 | D        | Found a shadowy altar of Dithmenos.
    56 | D        | Found a white marble altar of Elyvilon.
    56 | D        | Found a blossoming altar of Fedhas.
    56 | D        | Found an opulent altar of Gozag.
    57 | D        | Found a hazy altar of Hepliaklqana.
    58 | D        | Found a viscous altar of Jiyva.
    59 | D        | Found an ancient bone altar of Kikubaaqudgha.
    60 | D        | Found a corrupted altar of Lugonu.
    61 | D        | Found a burning altar of Makhleb.
    62 | D        | Found a sparkling altar of Nemelex Xobeh.
    63 | D        | Found an iron altar of Okawaru.
    64 | D        | Found a stormy altar of Qazlal.
    65 | D        | Found a sacrificial altar of Ru.
    66 | D        | Found a deep blue altar of Sif Muna.
    67 | D        | Found a bloodstained altar of Trog.
    68 | D        | Found a hide-covered altar of Uskayaw.
    69 | D        | Found a radiant altar of Vehumet.
    70 | D        | Found an ornate altar of the Wu Jian Council.
    71 | D        | Found a shimmering altar of Xom.
    72 | D        | Found a basalt altar of Yredelemnul.
    73 | D        | Became a worshipper of Ru the Awakened
    74 | D        | Found a glowing silver altar of Zin.
    75 | D        | Found a glowing golden altar of the Shining One.
   187 | D        | Noticed a centaur
   187 | D        | Noticed a wraith
   187 | D        | Noticed a phantom
   192 | D        | Killed a phantom
   192 | D        | Reached XP level 6. HP: 49/52 MP: 4/6
   198 | D        | Killed a wraith
   198 | D        | Reached skill level 5 in Fighting
   210 | D        | Noticed a wyvern
   210 | D        | Noticed a centaur warrior
   210 | D        | Noticed a deep elf mage
   210 | D        | Noticed a meliai
   214 | D        | Killed a meliai
   214 | D        | Reached XP level 7. HP: 27/64 MP: 6/9
   215 | D        | Noticed a fire elemental
   223 | D        | Killed a deep elf mage
   223 | D        | Reached skill level 10 in Armour
   223 | D        | Reached skill level 5 in Evocations
   223 | D        | Reached XP level 8. HP: 5/74 MP: 6/11
   315 | D        | Killed a centaur warrior
   315 | D        | Reached skill level 10 in Fighting
   334 | D        | Gained mutation: You are frail. (-10% HP) [Ru sacrifice]
   334 | D        | Reached * piety under Ru
   334 | D        | Reached ** piety under Ru
   516 | D        | Noticed a spiny frog
   516 | D        | Noticed a spiny frog
   516 | D        | Noticed a spiny frog
   516 | D        | Noticed a six-headed hydra
   523 | D        | Killed a six-headed hydra
   523 | D        | Reached XP level 9. HP: 80/80 MP: 12/12
   536 | D        | Killed a spiny frog
   545 | D        | Killed a spiny frog
   550 | D        | Killed a spiny frog
   838 | D        | Reached XP level 10. HP: 81/90 MP: 13/13
   858 | D        | Gained mutation: You are hated by all. [Ru sacrifice]
   858 | D        | Reached *** piety under Ru
   877 | D        | Noticed an elephant
   895 | D        | Killed an elephant
  1099 | D        | Noticed an elephant
  1099 | D        | Noticed an elephant
  1099 | D        | Noticed an elephant
  1099 | D        | Noticed an elephant
  1099 | D        | Noticed an elephant
  1099 | D        | Noticed a dire elephant
  1106 | D        | Killed a dire elephant
  1110 | D        | Noticed an elephant
  1113 | D        | Killed an elephant
  1113 | D        | Reached skill level 15 in Fighting
  1113 | D        | Noticed an elephant
  1121 | D        | Killed an elephant
  1127 | D        | Killed an elephant
  1127 | D        | Reached skill level 5 in Dodging
  1132 | D        | Killed an elephant
  1143 | D        | Killed an elephant
  1143 | D        | Reached XP level 11. HP: 56/102 MP: 14/14
  1160 | D        | Gained mutation: You cannot train Dodging skill. [Ru
                  | sacrifice]
  1160 | D        | Reached **** piety under Ru
  1391 | D        | Noticed an orc high priest
  1411 | D        | Killed an orc high priest
  1629 | D        | Gained mutation: You cannot be stealthy. [Ru sacrifice]
  1629 | D        | Reached ***** piety under Ru
  1630 | D        | Noticed an orc sorcerer
  1635 | D        | Noticed an orc knight
  1636 | D        | Killed an orc sorcerer
  1640 | D        | Reached skill level 15 in Armour
  1653 | D        | Killed an orc knight
  1718 | D        | Gained mutation: You cannot study or cast Ice magic. [Ru
                  | sacrifice]
  1718 | D        | Gained mutation: You cannot study or cast Transmutations
                  | magic. [Ru sacrifice]
  1718 | D        | Gained mutation: You cannot study or cast Conjurations
                  | magic. [Ru sacrifice]
  1780 | D        | Found Zumuluih's Food Boutique.
  1780 | D        | Noticed an orc high priest
  1780 | D        | Noticed an orc high priest
  1780 | D        | Noticed an orc knight
  1780 | D        | Noticed an orc high priest
  1780 | D        | Noticed an orc high priest
  1781 | D        | Noticed an orc knight
  1788 | D        | Killed an orc high priest
  1794 | D        | Noticed an orc knight
  1796 | D        | Killed an orc high priest
  1797 | D        | Noticed an orc knight
  1798 | D        | Noticed a sun demon
  1798 | D        | Killed an orc knight
  1798 | D        | Killed an orc high priest
  1798 | D        | Killed an orc high priest
  1798 | D        | Killed an orc knight
  1798 | D        | Killed an orc knight
  1799 | D        | Found Wierran's Distillery.
  1799 | D        | Noticed an orc high priest
  1810 | D        | Noticed an orc high priest
  1819 | D        | Noticed a sun demon
  1819 | D        | Killed an orc knight
  1825 | D        | Noticed an orc high priest
  1826 | D        | Killed an orc high priest
  1826 | D        | Reached XP level 12. HP: 64/118 MP: 9/15
  1831 | D        | Killed an orc high priest
  1843 | D        | Killed an orc high priest
  1852 | D        | Gained mutation: You are missing an eye, making it more
                  | difficult to aim. [Ru sacrifice]
  1852 | D        | Reached ****** piety under Ru
  1854 | D        | Noticed an orc high priest
  1961 | D        | Killed an orc high priest
  2115 | D        | Found Mununn's Magic Scroll Boutique.
  2119 | D        | Found Looxaos's Distillery.
  2125 | D        | Bought a potion of degeneration for 13 gold pieces
  2130 | D        | Bought a potion of might for 52 gold pieces
  2130 | D        | Bought a potion of heal wounds for 65 gold pieces
  2130 | D        | Bought a potion of curing for 39 gold pieces
  2130 | D        | Bought a potion of haste for 130 gold pieces
  2132 | D        | Bought a scroll of immolation for 38 gold pieces
  2132 | D        | Bought a scroll of fear for 38 gold pieces
  2132 | D        | Bought a scroll of immolation for 38 gold pieces
  2132 | D        | Bought a scroll of identify for 22 gold pieces
  2132 | D        | Bought a scroll of identify for 22 gold pieces
  2132 | D        | Bought a scroll of enchant armour for 82 gold pieces
  2134 | D        | Bought a potion of curing for 39 gold pieces
  2134 | D        | Bought a potion of berserk rage for 65 gold pieces
  2134 | D        | Bought a potion of mutation for 104 gold pieces
  2134 | D        | Bought a potion of ambrosia for 104 gold pieces
  2134 | D        | Bought a potion of heal wounds for 65 gold pieces
  2134 | D        | Bought a potion of lignification for 39 gold pieces
  2134 | D        | Bought 2 potions of curing for 78 gold pieces
  2138 | D        | Bought a potion of cancellation for 104 gold pieces
  2138 | D        | Bought a potion of agility for 52 gold pieces
  2140 | D        | Bought a scroll of remove curse for 33 gold pieces
  2140 | D        | Bought a scroll of remove curse for 33 gold pieces
  2140 | D        | Bought a scroll of remove curse for 33 gold pieces
  2144 | D        | Bought a ration for 65 gold pieces
  2144 | D        | Bought a ration for 65 gold pieces
  2144 | D        | Bought a ration for 65 gold pieces
  2144 | D        | Bought a ration for 65 gold pieces
  2144 | D        | Bought a ration for 65 gold pieces
  2144 | D        | Bought a ration for 65 gold pieces
  2144 | D        | Bought a ration for 65 gold pieces
  2144 | D        | Bought a ration for 65 gold pieces
  2144 | D        | Bought a ration for 65 gold pieces
  2330 | D        | Noticed a centaur warrior
  2337 | D        | Noticed a deep troll shaman
  2349 | D        | Noticed a fire dragon
  2355 | D        | Killed a centaur warrior
  2363 | D        | Killed a deep troll shaman
  2373 | D        | Noticed an ice dragon
  2376 | D        | Killed a fire dragon
  2377 | D        | Noticed a fire dragon
  2380 | D        | Noticed a centaur warrior
  2389 | D        | Killed an ice dragon
  2417 | D        | Killed a fire dragon
  2425 | D        | Killed a centaur warrior
  2479 | D        | Noticed Donald
  2495 | D        | Mangled by Donald

Skill      XL: |  1  2  3  4  5  6  7  8  9 10 11 12 |
---------------+-------------------------------------+-----
Polearms       | 7 9 11 13 14 17 18 19 21 22 | 22.0
Fighting       | 3 4 6 8 11 12 15 19 22 | 22.1
Armour         | 3 5 7 8 9 10 12 13 14 16 17 | 17.5
Evocations     | 2 4 5 |  5.5
Dodging        | 5 0 |  0.0
Throwing       | |  2.0

Action                   |  1- 3 |  4- 6 |  7- 9 | 10-12 || total
-------------------------+-------+-------+-------+-------++-------
Melee: Trident           |    29 |     7 |       |       ||    36
       Headbutt          |     5 |     6 |    15 |    78 ||   104
       Halberd           |       |    19 |    45 |   324 ||   388
Throw: Throwing net      |       |       |       |     3 ||     3
Invok: Sacrifice Health  |       |       |     1 |       ||     1
       Sacrifice Love    |       |       |       |     1 ||     1
       Apocalypse        |       |       |       |     1 ||     1
       Sacrifice Stealth |       |       |       |     1 ||     1
       Sacrifice Arcana  |       |       |       |     1 ||     1
       Sacrifice Nimblen |       |       |       |     1 ||     1
       Draw Out Power    |       |       |       |     2 ||     2
       Sacrifice an Eye  |       |       |       |     1 ||     1
Evoke: Wand              |       |       |     6 |     1 ||     7
  Use: Potion            |       |     2 |     3 |     1 ||     6
       Scroll            |       |       |     1 |       ||     1
 Stab: Invisible         |       |     3 |       |     4 ||     7
       Paralysed         |       |       |       |     6 ||     6
       Distracted        |       |       |       |     2 ||     2
       Held in net/web   |       |       |       |     1 ||     1
  Eat: Chunk             |       |       |       |     5 ||     5
Armor: Leather armour    |     6 |     2 |       |       ||     8
       Scale mail        |       |    11 |    12 |    41 ||    64
       Plate armour      |       |       |       |    13 ||    13
       Chain mail        |       |       |       |    47 ||    47
Dodge: Dodged            |    14 |     9 |    21 |    70 ||   114
